 Dungeon Crawl Stone Soup version 0.19-a0-1051-gdb7e7f8 (webtiles) character file.

500 Musica the Shield-Bearer (level 7, -7/57 HPs)
             Began as a Formicid Fighter on Aug 2, 2016.
             Killed by divine providence
             ... invoked by an orc priest
              (15 damage)
             ... on level 5 of the Dungeon.
             The game lasted 00:10:49 (3689 turns).

Musica the Shield-Bearer (Formicid Fighter)         Turns: 3689, Time: 00:10:50

Health: -7/57      AC: 14    Str: 18 (20) XL:     7   Next: 40%
Magic:  7/7        EV:  8    Int:  7 (8)  God:
Gold:   149        SH: 10    Dex: 13 (14) Spells: 0 memorised, 6 levels left

rFire  . . .     SeeInvis +     a - +1 trident
rCold  . . .     Gourm    .     d - +3 scale mail
rNeg   . . .     Faith    .     c - +0 shield
rPois  .         Spirit   .     (helmet unavailable)
rElec  .         Dismiss  .     w - +0 cloak
rCorr  .         Reflect  .     (no gloves)
SustAt .         Harm     .     s - +2 pair of boots
MR     .....                    (no amulet)
Stlth  ..........               (no ring)
                                (no ring)

@: not resistant to hostile enchantments, extremely unstealthy
A: permanent stasis, dig shafts and tunnels, four strong arms, antennae 3, agile
1
a: Dig, Shaft Self


You were on level 5 of the Dungeon.
You were not hungry.

You visited 1 branch of the dungeon, and saw 6 of its levels.

You collected 149 gold pieces.

Inventory:

Hand Weapons
 a - a +1 trident (weapon)
Missiles
 m - 30 poisoned needles
 v - 5 tomahawks (quivered)
Armour
 c - a +0 shield (worn)
 d - a +3 scale mail (worn)
 s - a +2 pair of boots (worn)
 w - a +0 cloak (worn)
Jewellery
 b - an uncursed ring of wizardry
 g - an uncursed ring of ice
 q - an uncursed amulet of the gourmand
Wands
 h - a wand of polymorph (16/24)
Scrolls
 i - 8 scrolls of identify
 l - 3 scrolls of immolation
 n - 4 scrolls of remove curse
 o - a scroll of enchant weapon
 u - a scroll of noise
Potions
 e - a potion of degeneration
 t - a potion of lignification {unknown}
Comestibles
 f - 6 bread rations
 k - 3 beef jerkies


   Skills:
 + Level 5.6 Fighting
 + Level 4.3 Polearms
 - Level 3.2 Armour
 + Level 6.5 Shields


You had 6 spell levels left.
You didn't know any spells.

Dungeon Overview and Level Annotations

Branches:
Dungeon (6/15)
 Temple: D:4-7

Altars:
Vehumet

Annotations:
D:3 Musica's ghost, amateur FoFi


Innate Abilities, Weirdness & Mutations

You are under a permanent stasis effect.
You can dig through walls and to a lower floor.
Your four strong arms can wield two-handed weapons with a shield.
You have a pair of large antennae on your head. (SInv)
You are agile. (Dex +2)


Message History

You hit the orc wizard but do no damage.
The orc wizard is heavily wounded.
The orc wizard barely misses you.
You closely miss the orc wizard.
The orc wizard is heavily wounded.
The orc wizard hits you but does no damage.
The orc wizard hits you with a dagger.
The orc priest mumbles some strange prayers to Beogh against you.
Beogh smites you!
* * * LOW HITPOINT WARNING * * *
It was a potion of degeneration.
There was something very wrong with that liquid.
You feel weakened.
You feel dopey.
You feel clumsy. You block the orc wizard's attack.
It was a potion of mutation.
You feel extremely strange.
Your vision blurs.
You feel agile.
Your vision sharpens.
The orc wizard hits you but does no damage.
The orc priest mumbles some strange prayers to Beogh against you.
Beogh smites you!
You die...

#.# #.## # . #... . . ##..# # . #
#####...##### #. ...........## ..
####...##... ..
#####)###########..##### ..
.....oo@..)............. ####
#########.#############. ...# ...
#.# #. ##.# #.# #.# #. #.# #.# #.
#. #.# #.# #.#.####. #.# ...
#.#......
###########.#############.######.
.................................


You could see an orc priest and an orc wizard.

Vanquished Creatures
  A scorpion (D:3)
  A howler monkey (D:5)
  3 orc wizards (D:4)
  A centaur zombie (D:5)
  An orc priest (D:5)
  2 hounds (D:4)
  2 worker ants
  4 adders (D:2)
  2 worms
  2 giant geckos
  22 orcs
  5 bats
  3 giant cockroaches
  8 goblins
  9 hobgoblins
  2 jackals (D:5)
  3 quokkas
  A ball python (D:4)
  4 giant newts
  10 kobolds
  2 quokka zombies (D:5)
  5 rats
93 creatures vanquished.

Notes
Turn   | Place    | Note
-------+----------+-------------------------------------------
     0 | D:1      | Musica the Formicid Fighter began the quest for the Orb.
     0 | D:1      | Reached XP level 1. HP: 18/18 MP: 1/1
    69 | D:1      | Reached XP level 2. HP: 24/24 MP: 2/2
   239 | D:1      | Reached XP level 3. HP: 25/30 MP: 3/3
   499 | D:2      | Found a radiant altar of Vehumet.
   538 | D:2      | Reached skill level 4 in Shields
   685 | D:2      | Reached XP level 4. HP: 36/38 MP: 4/4
  1345 | D:3      | Reached skill level 5 in Shields
  1345 | D:3      | Reached XP level 5. HP: 16/43 MP: 5/5
  1827 | D:3      | Noticed Musica's ghost (amateur FoFi)
  1878 | D:4      | Reached skill level 5 in Fighting
  1878 | D:4      | Reached XP level 6. HP: 18/51 MP: 6/6
  2240 | D:4      | Reached skill level 6 in Shields
  2610 | D:5      | Entered Level 5 of the Dungeon
  2764 | D:3      | Reached XP level 7. HP: 54/56 MP: 7/7
  3689 | D:5      | Gained mutation: Scrolls take you a little longer to read. [potion of mutation]
  3689 | D:5      | Gained mutation: You are agile. (Dex +2) [potion of mutation]
  3689 | D:5      | Lost mutation: Scrolls take you a little longer to read. [potion of mutation]
  3689 | D:5      | Killed from afar by an orc priest

Vault maps used:
D:1:      onia_arrival_pyramid
D:2:      vehumet_crystals, first_bread, serial_bayou_ford_a, grunt_ministairs_1
D:5:      basic_altar, nrook_mini_backslash, roderic_lattice_a
D:6:      marbit_many_paths, okawaru_gym_becter

Skill      XL: |  1  2  3  4  5  6  7 |
---------------+----------------------+-----
Fighting       | 4 5 |  5.6
Shields        | 4 5 6 |  6.5
Polearms       | 3 4 |  4.3
Armour         | |  3.2

Action                   |  1- 3 |  4- 6 |  7- 9 || total
-------------------------+-------+-------+-------++-------
Melee: Spear             |   124 |    59 |       ||   183
       Trident           |     3 |   146 |    92 ||   241
  Use: Potion            |       |     1 |     2 ||     3
       Scroll            |       |       |     9 ||     9
  Eat: Chunk             |       |     8 |     3 ||    11
Armor: Scale mail        |    32 |    80 |    31 ||   143
Dodge: Dodged            |    24 |    46 |    14 ||    84
Block: Shield            |    44 |    96 |    28 ||   168
